 Dungeon Crawl Stone Soup version 0.24.1-14-gf8d2b509d9 (webtiles) character file.

Game seed: 13479693396667739282, levelgen mode: deterministic

51 Hugehornet the Sneak (level 3, 0/31 HPs)
             Began as an Octopode Enchanter on May 19, 2020.
             Was an Initiate of Gozag.
             Succumbed to an adder's poison
             ... on level 2 of the Dungeon.
             The game lasted 00:01:58 (1785 turns).

Hugehornet the Sneak (Octopode Enchanter)           Turns: 1785, Time: 00:01:59

Health: 0/31       AC: 21    Str: 12    XL:     3   Next: 83%
Magic:  6/6        EV:  2    Int: 18    God:    Gozag
Gold:   68         SH:  0    Dex: 17    Spells: 5/6 levels left

rFire    . . .     SeeInvis .   a - +1 dagger
rCold    . . .     Gourm    .   (no shield)
rNeg     + + +     Faith    .   (helmet currently unavailable)
rPois    +         Spirit   .   (no amulet)
rElec    .         Reflect  .   (no ring)
rCorr    .         Harm     .   (no ring)
MR       .....     NoTele   +   (no ring)
Stlth    ++++......             (no ring)
HPRegen  0.10/turn              (no ring)
MPRegen  0.10/turn              (no ring)
                                (no ring)
                                (no ring)

@: mighty, agile, lethally poisoned (0 -> -2), tree-form
A: almost no armour, stealthy swim, (amphibious), 8 rings, (constrict 8)
a: Potion Petition, Call Merchant, Bribe Branch, Renounce Religion


You were on level 2 of the Dungeon.
You worshipped Gozag.
Gozag was noncommittal.
You were hungry.
You were a tree.
You visited 1 branch of the dungeon, and saw 2 of its levels.

You collected 101 gold pieces.
You paid 33 gold pieces to Gozag.

Inventory:

Hand Weapons
 a - a +1 dagger (weapon)
Wands
 h - a wand of enslavement (11)
Scrolls
 b - a scroll of random uselessness {unknown}
 f - a scroll of blinking {unknown}
 g - a scroll of identify {unknown}
 i - a scroll of teleportation {unknown}
 j - a scroll of remove curse {unknown}
Comestibles
 c - 4 rations


   Skills:
 - Level 1.0 Short Blades
 - Level 2.0 Dodging
 * Level 5.8 Stealth
 - Level 2.0 Spellcasting
 + Level 3.5 Hexes


You had 5 spell levels left.
You knew the following spells:

 Your Spells              Type           Power        Failure   Level  Hunger
a - Corona                Hex            ##.....      4%          1    #......

Your spell library contained the following spells:

 Spells                   Type           Power        Failure   Level  Hunger
 Confuse                  Hex            ##......     12%         3    ###....
 Tukima's Dance           Hex            ##......     12%         3    ###....
 Ensorcelled Hibernation  Hex/Ice        #.....       13%         2    ###....
 Dazzling Spray           Conj/Hex       #.....       26%         3    ###....


Dungeon Overview and Level Annotations

Branches:
Dungeon (2/15)

Altars:
Cheibriados
Gozag
Kikubaaqudgha
Okawaru


Innate Abilities, Weirdness & Mutations

You cannot wear most types of armour.
You are very stealthy in the water. (Stealth+)
((You are amphibious.))
You can wear up to eight rings at the same time.
((You can use your tentacles to constrict eight enemies at once.))
((Your skin changes colour to match your surroundings (Stealth+).))
((Your rubbery body absorbs attacks. (AC +1, EV +1)))


Message History

You feel very mighty all of a sudden.
* * * LOW HITPOINT WARNING * * *
You feel sick.
It was a potion of lignification.
You turn into a tree.
Your roots penetrate the ground.
There is a lethal amount of poison in your body!
* * * LOW HITPOINT WARNING * * *
You feel sick.
* * * LOW HITPOINT WARNING * * *
You feel sick.
* * * LOW HITPOINT WARNING * * *
You feel sick.
* * * LOW HITPOINT WARNING * * *
You feel sick.
* * * LOW HITPOINT WARNING * * *
You feel sick.
* * * LOW HITPOINT WARNING * * *
You feel sick.
You die...
Your body crumbles into a pile of gold.

#..........######
#.#._..._.........
###.......########
##.......#
#######.# #.# #.#
.########.##
.......$♣..# $
..#..####### # $


There were no monsters in sight!

Vanquished Creatures
  2 adders (D:2)
  A dart slug (D:1)
  4 bats
  2 giant cockroaches (D:1)
  3 goblins
  4 hobgoblins (D:1)
  5 kobolds
  5 frilled lizards
  5 rats
31 creatures vanquished.

Notes
Turn   | Place    | Note
-------+----------+-------------------------------------------
     0 | D:1      | Hugehornet the Octopode Enchanter began the quest for the
                  | Orb.
     0 | D:1      | Reached XP level 1. HP: 11/11 MP: 3/3
   111 | D:1      | Reached XP level 2. HP: 3/17 MP: 5/5
   819 | D:1      | Reached skill level 5 in Stealth
  1286 | D:2      | Reached XP level 3. HP: 21/21 MP: 6/6
  1725 | D:2      | Found an opulent altar of Gozag.
  1725 | D:2      | Found a snail-covered altar of Cheibriados.
  1729 | D:2      | Found an iron altar of Okawaru.
  1729 | D:2      | Found an ancient bone altar of Kikubaaqudgha.
  1738 | D:2      | Became a worshipper of Gozag Ym Sagoz the Greedy
  1777 | D:2      | HP: 1/31 [poisoned by an adder]
  1785 | D:2      | Succumbed to an adder's poison

Levels and vault maps discovered:
D:1:      lemuel_arrival_behind_the_door_small, layout_basic
D:2:      layout_basic, grunt_temple_overflow_open, serial_curves,
          eino_curves_04, eino_curves_03, minmay_pentomino_z2

Skill      XL: |  1  2 |
---------------+-------+-----
Stealth        | 5 |  5.8
Short Blades   | |  1.0
Dodging        | |  2.0
Spellcasting   | |  2.0
Hexes          | |  3.5

Action                   || total
-------------------------++-------
Melee: Dagger            ||    65
       Constrict         ||     9
       Tentacles         ||     4
  Use: Potion            ||     3
 Stab: Sleeping          ||    13
  Eat: Chunk             ||     2
Armor: Skin              ||     7
Dodge: Dodged            ||    26
